 Dungeon Crawl Stone Soup version 0.22-a0-136-g83a10e5 (webtiles) character file.

61 varam the Firebug (level 4, -1/24 HPs)
             Began as a Gargoyle Fire Elementalist on Feb 2, 2018.
             Killed from afar by an orc wizard (4 damage)
             ... with a puff of flame
             ... on level 3 of the Dungeon.
             The game lasted 00:04:34 (1491 turns).

varam the Firebug (Gargoyle Fire Elementalist)      Turns: 1491, Time: 00:04:34

Health: -1/24      AC:  9    Str: 11    XL:     4   Next: 7%
Magic:  5/7        EV:  8    Int: 17    God:
Gold:   60         SH:  0    Dex: 10    Spells: 4/7 levels left

rFire    . . .     SeeInvis .   e - +2 dagger (speed)
rCold    + . .     Gourm    .   (no shield)
rNeg     + . .     Faith    +   o - +0 scale mail {rC+}
rPois    ∞         Spirit   .   (no helmet)
rElec    +         Reflect  .   (no cloak)
rCorr    .         Harm     .   (no gloves)
MR       .....                  (no boots)
Stlth    ..........             i - amulet of faith
HPRegen  0.08/turn              (no ring)
MPRegen  0.10/turn              (no ring)

@: no status effects
A: negative energy resistance 1, electricity resistance, unbreathing,
petrification resistance, rot immunity, AC +3
a: no special abilities


You were on level 3 of the Dungeon.
You were not hungry.

You visited 1 branch of the dungeon, and saw 3 of its levels.

You collected 60 gold pieces.

Inventory:

Hand Weapons
 e - a +2 dagger of speed (weapon)
 l - a +0 hand axe of draining
Missiles
 h - 75 stones (quivered)
Armour
 a - a +0 robe
 o - a +0 scale mail of cold resistance (worn)
Jewellery
 i - an amulet of faith (around neck)
Scrolls
 f - 2 scrolls of identify {unknown}
 g - a scroll of noise {unknown}
 j - 2 scrolls of remove curse {unknown}
Potions
 k - a potion of haste {unknown}
 m - 2 potions of agility {unknown}
 n - a potion of heal wounds {unknown}
Books
 b - a book of Flames

   Spells                             Type                      Level
   a - Flame Tongue                   Conjuration/Fire             1
   b - Throw Flame                    Conjuration/Fire             2
   c - Conjure Flame                  Conjuration/Fire             3
   d - Inner Flame                    Hexes/Fire                   3
   e - Sticky Flame                   Conjuration/Fire             4
   f - Fireball                       Conjuration/Fire             5
Comestibles
 c - 4 rations
 d - a chunk of flesh


   Skills:
 - Level 1.5 Dodging
 - Level 2.1 Stealth
 - Level 2.0 Spellcasting
 * Level 3.4 Conjurations
 + Level 3.6 Fire Magic


You had 4 spell levels left.
You knew the following spells:

 Your Spells              Type           Power        Failure   Level  Hunger
a - Flame Tongue          Conj/Fire      ##...        28%         1    #......
b - Throw Flame           Conj/Fire      ##....       38%         2    ###....


Dungeon Overview and Level Annotations

Branches:
Dungeon (3/15)

Altars:


Innate Abilities, Weirdness & Mutations

You are resistant to torment.
Your stone body is resilient. (AC +3)
You are immune to poison.
You resist negative energy. (rN+)
You are resistant to electric shocks. (rElec)
You can survive without breathing.
You are immune to petrification.
You are immune to rotting.


Message History

a hand axe; a leather armour; a ring mail; an orc corpse x2
You bump into the rock wall.
You bump into the rock wall.
You feel less confused. Something hits you but does no damage.
You barely miss something. Something hits you but does no damage.
You miss something. Something hits you but does no damage.
You closely miss something. You barely miss something.
Something hits you but does no damage.
You closely miss something.
You hear some strange, mumbled words.
A puff of flame appears from out of thin air!
The puff of flame hits you!
* * * LOW HITPOINT WARNING * * *
You miss something. You miss something.
You hear some strange, mumbled words.
A puff of flame appears from out of thin air!
The puff of flame hits you!
You die...

########
#<{@...#
#.####.#
#.. #..#
#..#
....
#...
##.##


There were no monsters in sight!

Vanquished Creatures
  An adder (D:3)
  An ooze (D:1)
  A worm (D:2)
  A dart slug (D:1)
  A leopard gecko (D:1)
  2 orcs (D:3)
  4 bats
  3 giant cockroaches
  4 goblins
  5 hobgoblins
  4 kobolds
  A quokka (D:3)
  4 frilled lizards
  8 rats
40 creatures vanquished.

Notes
Turn   | Place    | Note
-------+----------+-------------------------------------------
     0 | D:1      | varam the Gargoyle Fire Elementalist began the quest for the Orb.
     0 | D:1      | Reached XP level 1. HP: 10/10 MP: 3/3
   226 | D:1      | Reached XP level 2. HP: 15/15 MP: 5/5
   259 | D:1      | Reached skill level 2 in Conjurations
   507 | D:1      | Reached XP level 3. HP: 8/19 MP: 1/6
  1163 | D:2      | Reached skill level 3 in Conjurations
  1167 | D:2      | Learned a level 2 spell: Throw Flame
  1476 | D:3      | Reached XP level 4. HP: 10/24 MP: 4/7
  1491 | D:3      | Killed from afar by an orc wizard

Vault maps used:
D:1:      dpeg_arrival_tiny_h
D:2:      serial_bayou_pond_b, wad_floor_pattern_untrapped,
          small_statue_intersection
D:3:      first_ration

Skill      XL: |  1  2  3 |
---------------+----------+-----
Conjurations   | 2 3 |  3.4
Dodging        | |  1.5
Stealth        | |  2.1
Spellcasting   | |  2.0
Fire Magic     | |  3.6

Action                   |  1- 3 |  4- 6 || total
-------------------------+-------+-------++-------
Melee: Dagger            |   106 |    10 ||   116
       Unarmed           |     1 |       ||     1
 Cast: Flame Tongue      |    22 |     1 ||    23
       Throw Flame       |     1 |       ||     1
 Stab: Sleeping          |     6 |       ||     6
  Eat: Chunk             |     2 |       ||     2
Armor: Robe              |    13 |       ||    13
       Scale mail        |    14 |     7 ||    21
Dodge: Dodged            |    47 |       ||    47

Table legend:
 A = Spawn XP
 B = Non-spawn XP
 C = Spawn XP percentage of total XP
 D = Spawn monster count
 E = Non-spawn monster count
 F = Spawn count percentage of total count
 G = Total turns spent on level
                    A         B        C        D         E        F      G
               +---------+---------+-------+---------+---------+-------+---------
         Total |       0 |      88 |   0.0 |       0 |      40 |   0.0 |  1491
               +---------+---------+-------+---------+---------+-------+---------
           D:1 |       0 |      37 |   0.0 |       0 |      18 |   0.0 |   850
           D:2 |       0 |      30 |   0.0 |       0 |      18 |   0.0 |   586
           D:3 |       0 |      21 |   0.0 |       0 |       4 |   0.0 |    55
               +---------+---------+-------+---------+---------+-------+---------
